 Dungeon Crawl Stone Soup version 0.29-a0-322-g68df515428 (webtiles) character file.

Game seed: 3580609088667043144

1607 zishaf the Nimble (level 8, 0/36 HPs)
             Began as a Felid Cinder Acolyte on Apr 5, 2022.
             Was a Believer of Sif Muna.
             Slain by a black bear (2 damage)
             ... on level 7 of the Dungeon.
             The game lasted 00:23:35 (7053 turns).

zishaf the Nimble (Felid Cinder Acolyte)            Turns: 7053, Time: 00:23:36

Health: 0/36       AC:  4    Str: 12    XL:     8   Next: 63%
Magic:  17/17      EV: 25    Int: 19    God:    Sif Muna [**....]
Gold:   1591       SH:  0    Dex: 24    Spells: 5/17 levels left
                                        Lives:  0   Deaths: 2

rFire   . . .      SeeInvis +     - Unarmed
rCold   . . .      Faith    .   (shield unavailable)
rNeg    . . .      Spirit   .   (body armour unavailable)
rPois   .          Reflect  .   (helmet unavailable)
rElec   .          Harm     .   (cloak unavailable)
rCorr   .          Rampage  .   (gloves unavailable)
Will    +....                   (boots unavailable)
Stlth   +++.......              g - amulet of regeneration
HPRegen 0.92/turn               w - +6 ring of dexterity
MPRegen 0.15/turn               u - +6 ring of dexterity

@: quick
A: very small, claws 1, fangs 3, see invisible, speed 1, shaggy fur 2, stealthy
paws, no weapons or thrown items, no armour, multi-lived, iridescent scales 1,
strong 1
a: Renounce Religion, Channel Magic


You were on level 7 of the Dungeon.
You worshipped Sif Muna.
Sif Muna was pleased with you.
You visited 1 branch of the dungeon, and saw 8 of its levels.
You also visited: Bailey.

You collected 1591 gold pieces.

Inventory:

Jewellery
 a - a ring of flight
 g - an amulet of regeneration (around neck)
 u - a +6 ring of dexterity (right paw)
 w - a +6 ring of dexterity (left paw)
Wands
 j - a wand of flame (6)
 k - a wand of digging (7)
Scrolls
 b - a scroll of identify
 c - a scroll of fog
 d - 9 scrolls of teleportation
 l - a scroll of fear
 n - a scroll of enchant armour
 s - 4 scrolls of brand weapon
Potions
 e - 2 potions of attraction
 f - a potion of heal wounds
 h - 2 potions of brilliance
 i - a potion of lignification {unknown}
 m - 3 potions of mutation
 o - 5 potions of flight
 p - a potion of curing
 q - a potion of degeneration


   Skills:
 + Level 4.2 Fighting
 - Level 8.0 Dodging
 - Level 4.0 Stealth
 - Level 3.0 Unarmed Combat
 - Level 5.3 Spellcasting
 * Level 5.3 Conjurations
 - Level 3.0 Fire Magic
 + Level 2.2 Ice Magic
 * Level 5.3 Air Magic
 - Level 2.0 Poison Magic
 + Level 3.6 Invocations


You had 5 spell levels left.
You knew the following spells:

 Your Spells              Type           Power      Damage    Failure   Level
a - Mephitic Cloud        Conj/Pois/Air  21%        N/A       6%          3
b - Shock                 Conj/Air       100%       1d9       1%          1
c - Freezing Cloud        Conj/Ice/Air   10%        6-21      50%         5
d - Swiftness             Air            25%        N/A       4%          3

Your spell library contained the following spells:

 Spells                   Type           Power      Damage    Failure   Level
 Scorch                   Fire           32%        2d6       5%          2
 Airstrike                Air            12%        N/A       13%         4
 Ozocubu's Armour         Ice            13%        N/A       14%         3
 Sublimation of Blood     Necr           5%         N/A       19%         2
 Wereblood                Tmut           5%         N/A       19%         2
 Ignite Poison            Fire/Tmut/Pois 11%        N/A       19%         3
 Confusing Touch          Hex            5%         N/A       34%         3
 Yara's Violent Unravell  Hex/Tmut       2%         3d3       97%         5
 Enfeeble                 Hex            2%         N/A       100%        7
 Ozocubu's Refrigeration  Ice            6%         4d6       100%        7
 Summon Hydra             Summ           2%         N/A       100%        7


Dungeon Overview and Level Annotations

Branches:
Dungeon (8/15)             Temple (0/1) D:6            Lair (0/6) D:8
 Bailey (visited)

Altars:
Cheibriados
Dithmenos
Elyvilon
Fedhas
Hepliaklqana
Kikubaaqudgha
Sif Muna
Yredelemnul
The Shining One

Shops:
D:3 [

Annotations:
D:5 Pikel


Innate Abilities, Weirdness & Mutations

You have sharp claws.
You have razor-sharp teeth.
You have supernaturally acute eyesight. (SInv)
You cover ground quickly. (Speed+)
You are covered in thick fur. (AC +2)
Your paws help you pounce on unaware monsters.
You are incapable of wielding weapons or throwing items.
You cannot wear armour.
You gain extra lives every three experience levels.
You are partially covered in iridescent scales. (AC +2)
Your muscles are strong. (Str +2)


Message History

You feel sick. The black bear bites you. The black bear claws you.
The black bear misses you.
You scratch the black bear. You bite the black bear.
The black bear is severely wounded.
You feel sick. The black bear misses you. x2
The black bear claws you but does no damage.
You barely miss the black bear.
You bite the black bear, but do no damage.
The black bear is severely wounded.
You feel sick.
You are no longer poisoned.
The black bear goes berserk!
You scratch the black bear but do no damage.
The black bear is severely wounded.
The black bear misses you. The black bear claws you.
The black bear claws you but does no damage.
You are too injured to fight recklessly!
You scratch the black bear.
The black bear is severely wounded.
The black bear completely misses you. The black bear claws you.
The black bear closely misses you. The black bear misses you.
The black bear claws you. The black bear closely misses you.
You scratch the black bear.
The black bear is almost dead.
The black bear bites you.
* * * LOW HITPOINT WARNING * * *
The black bear closely misses you. The black bear completely misses you.
The black bear rages.
The black bear completely misses you. The black bear claws you.
* * * LOW HITPOINT WARNING * * *
The black bear closely misses you.
You see here a +1 short sword of venom.
The black bear rages.
The black bear completely misses you. The black bear closely misses you.
The black bear completely misses you.
The black bear attacks as you move away!
The black bear bites you!
* * * LOW HITPOINT WARNING * * *
The black bear completely misses you. The black bear claws you.
You die...

###### ### #.##.# #.# ### #.##.#
#.# #.# #.##.# #.# #.# #.##.###
#.# #.#####......####.#
#.....)..h......§.#
#.#####[##@≈≈≈≈≈≈.# #.#
#((..≈≈≈§§§.# #.#
#.##§§≈.>≈§§#########
#######.#####.##.§≈_⌠§§§.........
.................≈§≈≈§§§........)
#........####.##.≈≈≈≈§§.#########
....S....# #.##.................
........... #.####.###..###.#####
#.$......##...# #.# #..# #.#


You could see a black bear (berserk).

Vanquished Creatures
  Sigmund (D:5)
  Eustachio (D:4)
  Menkaure (D:4)
  3 water moccasins
  Duvessa (D:5)
  An ice beast (D:7)
  9 orc warriors
  4 ogres
  2 centaurs
  A phantom (D:5)
  A kobold brigand (D:7)
  2 scorpions (D:5)
  A necrophage (D:7)
  A water moccasin zombie (D:5)
  Dowan (D:5)
  A howler monkey (D:6)
  3 bullfrog zombies (D:5)
  A jelly (D:4)
  A gnoll shaman (D:5)
  3 orc priests
  4 hounds
  2 iguanas
  2 orc wizards
  2 hound zombies (D:5)
  7 gnolls
  9 adders
  A white imp (D:6)
  3 worms
  A dart slug (D:3)
  13 orcs
  11 bats
  10 endoplasms
  2 giant cockroaches
  17 goblins
  13 hobgoblins
  2 jackals (D:5)
  21 kobolds
  A quokka (D:4)
  6 ball pythons
  5 frilled lizards
  2 rats (D:1)
  A bush (D:1)
174 creatures vanquished.

Vanquished Creatures (others)
  57 foxfires
  2 fungi (D:8)
59 creatures vanquished.

Grand Total: 233 creatures vanquished

Notes
Turn   | Place    | Note
-------+----------+-------------------------------------------
     0 | D:1      | zishaf the Felid Cinder Acolyte began the quest for the
                  | Orb.
     0 | D:1      | Reached XP level 1. HP: 10/10 MP: 3/3
    49 | D:1      | Reached skill level 1 in Dodging
    49 | D:1      | Reached skill level 1 in Stealth
   120 | D:1      | Reached XP level 2. HP: 14/14 MP: 4/4
  1643 | D:1      | Reached XP level 3. HP: 15/17 MP: 5/5
  1774 | D:2      | Reached skill level 2 in Dodging
  2020 | D:2      | Found a glowing golden altar of the Shining One.
  2325 | D:2      | Learned a level 3 spell: Mephitic Cloud
  2391 | D:2      | Reached XP level 4. HP: 22/22 MP: 6/6
  2506 | D:3      | Reached skill level 3 in Dodging
  2646 | D:3      | Reached XP level 5. HP: 25/25 MP: 8/8
  2944 | D:3      | Found Xaifaetz's Antique Armour Boutique.
  3044 | D:3      | Found a faded altar of an unknown god.
  3267 | D:4      | Noticed Eustachio
  3349 | D:4      | Noticed Menkaure
  3358 | D:4      | Killed Menkaure
  3359 | D:4      | Reached skill level 1 in Conjurations
  3359 | D:4      | Reached skill level 1 in Air Magic
  3359 | D:4      | Reached skill level 1 in Poison Magic
  3359 | D:4      | Gained mutation: You are covered in thick fur. (AC +2)
                  | [Felid growth]
  3359 | D:4      | Reached XP level 6. HP: 28/28 MP: 8/10
  3667 | D:4      | Killed Eustachio
  3668 | D:4      | Reached skill level 4 in Dodging
  4000 | D:4      | Found a shimmering blue altar of Sif Muna.
  4002 | D:4      | Found a blossoming altar of Fedhas.
  4099 | D:5      | Entered Level 5 of the Dungeon
  4107 | D:5      | Reached XP level 7. HP: 6/32 MP: 11/11
  4179 | D:5      | Found a basalt altar of Yredelemnul.
  4224 | D:5      | Reached skill level 5 in Dodging
  4330 | D:5      | Reached skill level 6 in Dodging
  4437 | D:4      | Fell from the grace of Ignis
  4437 | D:4      | Became a worshipper of Sif Muna the Loreminder
  4533 | D:5      | Noticed Duvessa
  4570 | D:5      | Killed Duvessa
  4571 | D:5      | Reached XP level 8. HP: 35/36 MP: 12/15
  4610 | D:5      | Noticed Sigmund
  4659 | D:5      | Killed Sigmund
  4660 | D:5      | Reached skill level 1 in Invocations
  4670 | D:5      | Noticed Dowan
  4690 | D:5      | Killed Dowan
  4792 | D:5      | Learned a level 1 spell: Shock
  4803 | D:5      | Noticed Pikel
  4831 | D:5      | Slain by Pikel
  4832 | D:5      | Reached XP level 7. HP: 0/32 MP: 14/14
  4964 | D:5      | Reached skill level 7 in Dodging
  5034 | D:5      | Reached XP level 8. HP: 35/36 MP: 16/16
  5069 | D:5      | Found a snail-covered altar of Cheibriados.
  5249 | D:5      | Found an ancient bone altar of Kikubaaqudgha.
  5613 | D:6      | Gained mutation: Your muscles are strong. (Str +2) [potion
                  | of mutation]
  5613 | D:6      | Gained mutation: You are partially covered in iridescent
                  | scales. (AC +2) [potion of mutation]
  5639 | D:6      | Found a staircase to the Ecumenical Temple.
  5679 | D:6      | Found a shadowy altar of Dithmenos.
  5686 | D:6      | Learned a level 5 spell: Freezing Cloud
  5783 | D:6      | Reached * piety under Sif Muna
  5937 | D:6      | You fall into a shaft and drop 1 floor!
  5938 | D:7      | Found a hazy altar of Hepliaklqana.
  5961 | D:7      | Reached skill level 5 in Spellcasting
  5969 | D:7      | You fall into a shaft and drop 1 floor!
  5969 | D:8      | Found a white marble altar of Elyvilon.
  5983 | D:8      | Found a flagged portal.
  5995 | Bailey   | Entered a bailey
  6045 | Bailey   | Learned a level 3 spell: Swiftness
  6076 | Bailey   | Reached skill level 1 in Ice Magic
  6168 | Bailey   | Reached XP level 9. HP: 26/39 MP: 17/17
  6339 | Bailey   | Reached ** piety under Sif Muna
  6372 | Bailey   | Reached skill level 5 in Air Magic
  6445 | Bailey   | Reached skill level 8 in Dodging
  6445 | Bailey   | Reached skill level 5 in Conjurations
  6490 | Bailey   | Was forgiven by Ignis
  6545 | Bailey   | Slain by a fire elemental
  6546 | Bailey   | Reached XP level 8. HP: -4/36 MP: 7/16
  6735 | D:8      | Found a staircase to the Lair.
  7053 | D:7      | Slain by a black bear

Illustrated notes

Levels and vault maps discovered:
D:1:      erik_arrival_orb_chamber, layout_basic, serial_forest,
          infiniplex_forest_end_double, infiniplex_forest_pool,
          infiniplex_forest_straight_2, infiniplex_forest_corner_1,
          infiniplex_forest_join, infiniplex_forest_lined_ring,
          minmay_tromino_v7
D:2:      kennysheep_six_static_rooms, layout_rooms, basic_altar,
          serial_bayou_pond_d
D:3:      cheibrodos_greedy_goblins, layout_basic,
          shapermc_ecumenical_altar_mp_highgroup, serial_shops,
          nicolae_shop_hallway_plus, serial_bayou_pond_d
D:4:      layout_basic, chequers_temple_overflow_statue_of_worship,
          chequers_serial_rivers_marsh, st_stairs_8, uniq_eustachio,
          uniq_menkaure
D:5:      layout_basic, mainiacjoe_overflow_alcove_4,
          nicolae_yredelemnul_corpse_copse, cheibriados_altar_1, uniq_pikel,
          uniq_sigmund, uniq_duvessa
D:6:      layout_basic, lemuel_crystal_altar, mainiacjoe_overflow_cross_hatched,
          minmay_temple_entry_enclosed_plants
D:7:      layout_basic, general_overflow_altar
D:8:      layout_basic, mainiacjoe_overflow_catwalk, grunt_gozag_statues,
          elyvilon_altar_1, dpeg_oklobed_lair, enter_bailey_6,
          ebering_ghost_gozag, serial_shops, nicolae_shop_advertising_works
          [nicolae_subvault_shop_adworks]

Skill      XL: |  1  2  3  4  5  6  7  8  9 |
---------------+----------------------------+-----
Dodging        | 1 2 3 4 7 8 |  8.0
Stealth        | 1 2 3 4 |  4.0
Fighting       | 4 |  4.2
Spellcasting   | 2 4 5 |  5.3
Conjurations   | 1 2 4 5 |  5.3
Air Magic      | 1 2 4 5 |  5.3
Poison Magic   | 1 2 |  2.0
Fire Magic     | 3 |  3.0
Invocations    | 2 3 |  3.6
Ice Magic      | 2 |  2.2
Unarmed Combat | |  3.0

Action                   |  1- 3 |  4- 6 |  7- 9 || total
-------------------------+-------+-------+-------++-------
Melee: Unarmed           |   229 |   157 |   466 ||   852
       Bite              |    33 |    12 |    63 ||   108
       Punch             |    10 |     6 |    13 ||    29
 Cast: Mephitic Cloud    |       |       |    20 ||    20
       Shock             |       |       |    32 ||    32
Invok: Foxfire Swarm     |     1 |     2 |     2 ||     5
       Fiery Armour      |     2 |     2 |     1 ||     5
Evoke: Wand              |       |       |     4 ||     4
  Use: Scroll            |       |       |    16 ||    16
       Potion            |       |       |     6 ||     6
 Stab: Sleeping          |     5 |    10 |     5 ||    20
       Confused          |       |       |    21 ||    21
       Distracted        |       |       |     2 ||     2
Armor: Skin              |    26 |    12 |    45 ||    83
Dodge: Dodged            |   132 |   111 |   479 ||   722

Table legend: (Time is in decaauts)
 A = Elapsed time spent in this place.
 B = Non-inter-level travel time spent in this place.
 C = Inter-level travel time spent in this place.
 D = Time resting spent in this place.
 E = Time spent auto-exploring this place.
 F = Levels seen in this place.
 G = Mean time per level.
                   A        B        C        D        E       F      G
               +--------+--------+--------+--------+--------+-----+--------+
         Total |   6093 |   5876 |    217 |    351 |   3272 |   9 |  677.0 |
       Dungeon |   5545 |   5328 |    217 |    309 |   3094 |   8 |  693.1 |
        Bailey |    548 |    548 |      0 |     42 |    178 |   1 |  548.0 |
               +--------+--------+--------+--------+--------+-----+--------+

Top non-repeatable levels by time:
     D:1: 1579 daAuts
     D:4: 993 daAuts
     D:5: 957 daAuts
     D:3: 624 daAuts
     D:2: 590 daAuts
  Bailey: 548 daAuts
     D:6: 366 daAuts
     D:7: 274 daAuts
     D:8: 160 daAuts
